 Dungeon Crawl Stone Soup version 0.26-a0-1184-g95e395e029 (webtiles) character file.

Game seed: 9975559987081409210

45846 Arthanis the Scorcher (level 14, -3/72 HPs)
             Began as a Deep Elf Fire Elementalist on Dec 27, 2020.
             Was a High Priest of Vehumet.
             Killed by nerve-wracking pain
             ... invoked by an orc priest
              (13 damage)
             ... on level 2 of the Orcish Mines.
             The game lasted 00:46:01 (24516 turns).

Arthanis the Scorcher (Deep Elf Fire Elementalist) Turns: 24516, Time: 00:46:02

Health: -3/72      AC:  4    Str:  5    XL:     14   Next: 2%
Magic:  22/34      EV: 18    Int: 32    God:    Vehumet [*****.]
Gold:   1719       SH:  6    Dex: 21    Spells: 12/41 levels left

rFire    + . .     SeeInvis .   J - staff of conjuration
rCold    + . .     Faith    .   H - +0 buckler
rNeg     . . .     Spirit   .   a - +0 robe
rPois    .         Reflect  .   A - +1 hat of the Orcish Mines {Rampage +Blink}
rElec    .         Harm     .   B - scarf {rC+ rF+}
rCorr    .         Rampage  +   d - +0 pair of gloves
Will     +....                  (no boots)
Stlth    +++.......             K - amulet of magic regeneration
HPRegen  0.22/turn              C - +6 ring of dexterity
MPRegen  0.49/turn              S - +6 ring of intelligence

@: no status effects
A: no striking features
a: Renounce Religion, Evoke Blink


You were on level 2 of the Orcish Mines.
You worshipped Vehumet.
Vehumet was extremely pleased with you.
You visited 3 branches of the dungeon, and saw 18 of its levels.
You also visited: Ossuary.

You collected 1839 gold pieces.
You spent 120 gold pieces at shops.

Inventory:

Hand Weapons
 n - a +2 broad axe of freezing
 U - a +5 vorpal trident
Armour
 a - a +0 robe (worn)
 d - a +0 pair of gloves (worn)
 s - a +2 leather armour of cold resistance
 A - the +1 hat of the Orcish Mines (worn) {Rampage +Blink}
   (You found it on level 5 of the Dungeon)

   It lets you blink.
   It bestows one free step when moving towards enemies.
 B - a scarf of resistance (worn)
 H - a +0 buckler (worn)
Magical Staves
 J - an uncursed staff of conjuration (weapon)
Jewellery
 o - an uncursed ring of ice
 w - a +6 ring of strength
 C - a +6 ring of dexterity (left hand)
 F - an uncursed amulet of reflection
 K - an amulet of magic regeneration (around neck)
 L - a +6 ring of dexterity
 S - a +6 ring of intelligence (right hand)
 V - an uncursed ring of protection from cold
Wands
 c - a wand of random effects (35)
 f - a wand of polymorph (7)
 y - a wand of flame (34)
 E - a wand of paralysis (26)
Scrolls
 b - 4 scrolls of fog
 g - 2 scrolls of amnesia
 k - 4 scrolls of magic mapping
 l - 8 scrolls of remove curse
 p - 7 scrolls of teleportation
 q - 10 scrolls of fear
 r - 6 scrolls of immolation
 u - 2 scrolls of blinking
 D - 3 scrolls of enchant armour
 G - 3 scrolls of summoning
 Q - 2 scrolls of silence
Potions
 e - 9 potions of haste
 h - 8 potions of flight
 i - 6 potions of curing
 j - a potion of magic {unknown}
 m - 2 potions of brilliance {unknown}
 t - 3 potions of heal wounds
 v - 6 potions of resistance
 x - 2 potions of invisibility
 z - 2 potions of might
 N - 2 potions of berserk rage
 P - a potion of cancellation {unknown}
 R - 2 potions of lignification
Miscellaneous
 O - a phial of floods


   Skills:
 - Level 2.0 Fighting
 + Level 7.5 Dodging
 - Level 3.0 Stealth
 - Level 4.0 Shields
 + Level 14.3 Spellcasting
 + Level 12.2 Conjurations
 * Level 16.8 Fire Magic
 + Level 6.0 Evocations


You had 12 spell levels left.
You knew the following spells:

 Your Spells              Type           Power        Failure   Level
a - Foxfire               Conj/Fire      100%         0%          1
b - Conjure Flame         Conj/Fire      100%         0%          3
c - Sticky Flame          Conj/Fire      100%         1%          4
d - Fireball              Conj/Fire      54%          1%          5
e - Bolt of Magma         Conj/Fire/Erth 45%          1%          5
f - Iron Shot             Conj/Erth      38%          7%          6
g - Lightning Bolt        Conj/Air       38%          1%          5

Your spell library contained the following spells:

 Spells                   Type           Power        Failure   Level
 Starburst                Conj/Fire      54%          1%          6
 Corona                   Hex            25%          1%          1
 Shock                    Conj/Air       100%         1%          1
 Dazzling Flash           Conj/Hex       100%         1%          3
 Inner Flame              Hex/Fire       67%          1%          3
 Static Discharge         Conj/Air       76%          1%          3
 Ensorcelled Hibernation  Hex/Ice        46%          3%          2
 Swiftness                Air            23%          3%          2
 Airstrike                Air            11%          5%          4
 Confusing Touch          Hex            23%          6%          3
 Portal Projectile        Hex/Tloc       46%          6%          3
 Tukima's Dance           Hex            23%          6%          3
 Leda's Liquefaction      Hex/Erth       11%          19%         4
 Metabolic Englaciation   Hex/Ice        11%          47%         5
 Ozocubu's Refrigeration  Ice            11%          56%         6
 Dispersal                Tloc           11%          96%         6
 Statue Form              Tmut/Erth      15%          96%         6
 Shatter                  Erth           11%          100%        9


Dungeon Overview and Level Annotations

Branches:
Dungeon (15/15)            Temple (1/1) D:7            Lair (0/6) D:9
    Orc (2/2) D:11            Elf (0/3) Orc:2        Vaults (0/5) D:13
 Depths (0/5) D:15        Ossuary (visited)

Altars:
Cheibriados
Dithmenos
Elyvilon
Fedhas
Gozag
Hepliaklqana
Kikubaaqudgha
Okawaru
Qazlal
Ru
Vehumet
Zin
The Shining One

Shops:
D:5 }   D:8 (   D:11 (   D:15 *   Orc:1 [


Message History

Vehumet accepts your kill.
You feel your power returning.
An orc high priest comes into view. It is wielding a +0 halberd.
Casting: Fireball (safe; 1% risk of failure)
Confirm with . or Enter, or press ? or * to list all spells.
You can't see any susceptible monsters within range! (Use Z to cast anyway.) Unknown command.
An orc knight comes into view. It is wielding a +3 halberd.
The orc knight roars a battlecry!
The orc knight roars a battlecry!
An ogre comes into view. It is wielding a -2 giant club.
An orc comes into view. It is wielding a -2 mace.
An orc priest comes into view. It is wielding a +0 flail.
You see here a +0 club.
Things that are here:
a +0 leather armour; a +0 hand axe The sentinel's mark upon you fades away.
The orc priest mumbles some strange prayers to Beogh against you.
Pain shoots through your body!
You die...

##.### ## ....## ##.
#....### #...##....#.## ..
#..#........# ...###.
#...#..#.#.# ####....#..
##..#......####.#.......
#...........#....#....# .
###......@.......#ยง....#..
##.......#...[...#..>..#...
#........[..).....[....##..
##..........<..#.........#.
#..##....[[).O.#...........#
..........)[).o..........#.
#.............o...#.......))
.#..........o[..............
.............).........#...)


You could see an orc knight, an ogre, an orc priest and an orc.

Vanquished Creatures
  Frances (D:13)
  An orc warlord (Orc:1)
  An ironheart preserver (D:13)
  A yaktaur captain (D:15)
  3 boulder beetles
  Erolcha (D:13)
  4 centaur warriors
  3 two-headed ogres
  3 tengu warriors
  An orc high priest (Orc:2)
  4 skeletal warriors (D:14)
  2 unseen horrors
  A wolf spider zombie (D:15)
  An orc knight (Orc:1)
  An orc sorcerer (Orc:2)
  2 ugly things (D:13)
  2 cyclopes
  2 deep elf magi (D:12)
  A manticore (D:12)
  2 centaur zombies
  An elephant (shapeshifter) (D:13)
  An ice statue (D:14)
  4 molten gargoyles
  2 centaur skeletons (D:14)
  3 gargoyles
  A freezing wraith (D:15)
  A yaktaur (D:15)
  2 kobold demonologists
  4 tengu conjurers
  5 trolls
  3 meliai (D:14)
  2 hornets
  4 slime creatures (D:15)
  A vampire (D:11)
  A wraith (D:14)
  17 yaks
  A water elemental (D:15)
  4 wyverns
  A fire elemental (D:14)
  A basilisk (D:9)
  A steam dragon (D:9)
  6 vampire mosquitoes (D:14)
  7 wargs
  3 water moccasins
  A hornet zombie (D:10)
  5 ice beasts
  A sky beast (D:7)
  18 orc warriors
  An eye of draining (D:13)
  A phantom (D:4)
  19 centaurs
  12 ogres
  8 big kobolds
  10 bullfrogs
  4 water moccasin zombies (Ossuary)
  A scorpion (D:5)
  A water moccasin skeleton (D:6)
  6 killer bees (D:10)
  14 wights
  4 electric eels
  3 howler monkeys
  2 bullfrog zombies
  4 jellies
  18 orc priests
  9 hounds
  4 iguanas
  19 orc wizards
  Ijyb (D:5)
  12 worker ants
  5 big kobold zombies (Ossuary)
  A hound zombie (D:9)
  2 mummies (Ossuary)
  A worker ant zombie (D:7)
  12 gnolls
  2 howler monkey skeletons
  7 adders
  4 shadow imps
  A white imp (D:10)
  An ufetubus (D:10)
  An adder skeleton (D:9)
  10 adder zombies
  2 worms (D:2)
  7 leopard geckos
  94 orcs
  5 bat skeletons (D:2)
  A bat zombie (D:2)
  3 giant cockroaches
  23 goblins
  30 hobgoblins
  3 jackals (D:2)
  8 quokkas
  A ball python (D:3)
  4 bats
  4 frilled lizards
  4 gnoll zombies (Ossuary)
  4 hobgoblin zombies (Ossuary)
  A jackal skeleton (D:4)
  11 kobolds
  6 kobold zombies (Ossuary)
  A leopard gecko skeleton (D:7)
  8 orc zombies (Ossuary)
  7 rats
565 creatures vanquished.

Vanquished Creatures (collateral kills)
  3 foxfires
3 creatures vanquished.

Vanquished Creatures (others)
  1775 foxfires
  2 plants (D:8)
1777 creatures vanquished.

Grand Total: 2345 creatures vanquished

Notes
Turn   | Place    | Note
-------+----------+-------------------------------------------
     0 | D:1      | Arthanis the Deep Elf Fire Elementalist began the quest for
                  | the Orb.
     0 | D:1      | Reached XP level 1. HP: 10/10 MP: 6/6
   359 | D:1      | Reached XP level 2. HP: 15/15 MP: 5/8
  1092 | D:2      | Reached skill level 4 in Fire Magic
  1135 | D:2      | Found an ancient bone altar of Kikubaaqudgha.
  1400 | D:2      | Reached XP level 3. HP: 19/19 MP: 7/10
  1691 | D:2      | Learned a level 3 spell: Conjure Flame
  2210 | D:3      | Found an iron altar of Okawaru.
  2492 | D:3      | Reached XP level 4. HP: 24/24 MP: 7/11
  2557 | D:3      | Learned a level 4 spell: Sticky Flame
  3325 | D:3      | Reached skill level 5 in Fire Magic
  3424 | D:3      | Reached XP level 5. HP: 28/28 MP: 7/13
  3785 | D:3      | Reached skill level 5 in Spellcasting
  3785 | D:3      | Reached skill level 6 in Fire Magic
  3785 | D:3      | Reached XP level 6. HP: 32/32 MP: 2/15
  3791 | D:3      | Learned a level 5 spell: Fireball
  4584 | D:4      | Reached XP level 7. HP: 36/36 MP: 12/17
  4695 | D:4      | Reached skill level 7 in Fire Magic
  5676 | D:5      | Entered Level 5 of the Dungeon
  5805 | D:5      | Found a faded altar of an unknown god.
  5805 | D:5      | Found a faded altar of an unknown god.
  5811 | D:5      | Found a shadowy altar of Dithmenos.
  5813 | D:5      | Found a glowing silver altar of Zin.
  5815 | D:5      | Found a snail-covered altar of Cheibriados.
  5912 | D:5      | Found a sand-covered staircase.
  5918 | D:5      | Identified the Grimoire of Quantum Ice
  5925 | Ossuary  | Entered an ossuary
  6069 | Ossuary  | Reached skill level 5 in Conjurations
  6069 | Ossuary  | Reached skill level 8 in Fire Magic
  6069 | Ossuary  | Reached XP level 8. HP: 41/41 MP: 5/20
  7203 | D:5      | Noticed Ijyb
  7226 | D:5      | Killed Ijyb
  7319 | D:5      | Found Rismapt's Gadget Shop.
  7360 | D:5      | Reached skill level 9 in Fire Magic
  7975 | D:5      | Got a transparent hat
  7986 | D:5      | Identified the +1 hat of the Orcish Mines {Rampage +Blink}
                  | (You found it on level 5 of the Dungeon)
  8608 | D:6      | Reached XP level 9. HP: 45/45 MP: 4/23
  9039 | D:6      | Reached skill level 10 in Fire Magic
  9899 | D:7      | Reached skill level 1 in Evocations
 10060 | D:7      | Found a glowing golden altar of the Shining One.
 10369 | D:7      | Found a staircase to the Ecumenical Temple.
 10469 | Temple   | Entered the Ecumenical Temple
 10475 | Temple   | Became a worshipper of Vehumet
 11010 | D:8      | Found Cynuph's Antique Weapon Emporium.
 12116 | D:9      | Reached skill level 1 in Fighting
 12116 | D:9      | Reached skill level 11 in Fire Magic
 12426 | D:9      | Noticed a two-headed ogre
 12433 | D:9      | Noticed a troll
 12435 | D:9      | Killed a two-headed ogre
 12436 | D:9      | Reached XP level 10. HP: 53/53 MP: 9/25
 12444 | D:8      | Reached * piety under Vehumet
 12444 | D:8      | Offered knowledge of Sandblast by Vehumet.
 12629 | D:9      | Noticed a boulder beetle
 12720 | D:10     | Entered Level 10 of the Dungeon
 12971 | D:10     | Found a sacrificial altar of Ru.
 12980 | D:10     | Learned a level 5 spell: Bolt of Magma
 13353 | D:9      | Reached skill level 10 in Spellcasting
 13585 | D:9      | Found a staircase to the Lair.
 13722 | D:9      | Reached skill level 12 in Fire Magic
 14174 | D:10     | Reached ** piety under Vehumet
 14403 | D:10     | Offered knowledge of Freeze by Vehumet.
 14890 | D:11     | Reached XP level 11. HP: 50/57 MP: 8/27
 15127 | D:11     | Offered knowledge of Ignite Poison by Vehumet.
 15133 | D:11     | Found a staircase to the Orcish Mines.
 15289 | D:11     | Reached skill level 13 in Fire Magic
 15383 | D:11     | Reached *** piety under Vehumet
 15730 | D:11     | Offered knowledge of Frozen Ramparts by Vehumet.
 15848 | D:11     | Found Ewkoesyr's Weapon Boutique.
 15861 | D:11     | Noticed a boulder beetle
 15868 | D:11     | Killed a boulder beetle
 16199 | D:11     | Reached skill level 10 in Conjurations
 16909 | D:12     | Reached skill level 1 in Shields
 16909 | D:12     | Reached skill level 14 in Fire Magic
 16991 | D:12     | Noticed a deep elf mage
 16993 | D:12     | Killed a deep elf mage
 17179 | D:12     | Learned a level 6 spell: Iron Shot
 17264 | D:12     | Noticed a two-headed ogre
 17266 | D:12     | Killed a two-headed ogre
 17267 | D:12     | Reached skill level 5 in Dodging
 17609 | D:12     | Noticed a deep elf mage
 17611 | D:12     | Killed a deep elf mage
 17847 | D:13     | Noticed a cyan ugly thing
 17852 | D:13     | Killed a cyan ugly thing
 17853 | D:13     | Reached XP level 12. HP: 62/62 MP: 4/30
 17980 | D:13     | Noticed Erolcha
 17982 | D:13     | Killed Erolcha
 18128 | D:13     | Noticed Frances
 18140 | D:13     | Killed Frances
 18280 | D:13     | Reached **** piety under Vehumet
 18377 | D:13     | Noticed a centaur warrior
 18379 | D:13     | Found a gate to the Vaults.
 18379 | D:13     | Noticed an ironheart preserver
 18390 | D:13     | Killed a centaur warrior
 18760 | D:13     | Offered knowledge of Irradiate by Vehumet.
 18760 | D:13     | Noticed a two-headed ogre
 18772 | D:13     | Killed a two-headed ogre
 19112 | D:14     | Noticed a boulder beetle
 19123 | D:14     | Killed a boulder beetle
 19124 | D:14     | Reached skill level 15 in Fire Magic
 19248 | D:13     | Killed an ironheart preserver
 19432 | D:14     | Found a shadowy altar of Dithmenos.
 19698 | D:14     | Noticed a boulder beetle
 19699 | D:14     | Reached ***** piety under Vehumet
 19699 | D:14     | Noticed a centaur warrior
 19704 | D:15     | Entered Level 15 of the Dungeon
 19897 | D:15     | Found Cehuec's General Store.
 19918 | D:15     | Bought a scroll of fog for 30 gold pieces
 19918 | D:15     | Bought a potion of might for 60 gold pieces
 19918 | D:15     | Bought a scroll of identify for 30 gold pieces
 19994 | D:15     | Reached XP level 13. HP: 66/66 MP: 26/32
 20019 | D:15     | Learned a level 5 spell: Lightning Bolt
 20105 | D:15     | Found a staircase to the Depths.
 20465 | D:15     | Offered knowledge of Lee's Rapid Deconstruction by Vehumet.
 20946 | D:15     | Reached skill level 16 in Fire Magic
 21895 | D:14     | Reached skill level 5 in Evocations
 22988 | Orc:1    | Entered Level 1 of the Orcish Mines
 23429 | Orc:2    | Entered Level 2 of the Orcish Mines
 23429 | Orc:2    | Noticed an orc warlord
 23883 | Orc:1    | Offered knowledge of Starburst by Vehumet.
 23950 | Orc:1    | Killed an orc warlord
 24224 | Orc:2    | Found a staircase to the Elven Halls.
 24343 | Orc:2    | Reached XP level 14. HP: 49/72 MP: 22/34
 24474 | Orc:1    | Found Wiwuerea's Antique Armour Shop.
 24516 | Orc:2    | Killed from afar by an orc priest

Illustrated notes

Levels and vault maps discovered:
D:1:      minmay_arrival_radiant_lines, layout_basic
D:2:      layout_loops_corners, kennysheep_vampire_church,
          minmay_stone_trees_small, nrook_campfire
D:3:      minmay_goblin_kobold_castle, layout_basic, okawaru_metal_pillars_1_2
D:4:      wad_river_or_something, layout_basic, minmay_misc_feat_ornament
D:5:      layout_basic, chequers_temple_overflow_minitemple,
          nicolae_ossuary_entry_monument, serial_shops, shop,
          kennysheep_pointless_box, wad_floor_pattern_1, uniq_ijyb
D:6:      layout_basic
D:7:      layout_basic, minmay_temple_entry_overgrown,
          nicolae_tso_carved_into_rock
D:8:      layout_loops_corners, serial_shops, shop_fountains,
          serial_bayou_lagoon_b
D:9:      layout_rooms, erik_lair_dragon
D:10:     layout_loops_ring, nicolae_ru_awakened_eye
D:11:     layout_grid_maze, erik_orc_4, serial_shops, shop
D:12:     layout_irregular_city
D:13:     layout_cave_pools, skrybe_vaults_entry_preservation, chequers_jeans,
          uniq_frances, uniq_erolcha
D:14:     layout_stronghold, nicolae_dithmenos_shadow_blocks, minivault_8
D:15:     grunt_enter_depths_snipers, layout_basic, serial_shops,
          shop_fountains, hex_medium
Temple:   eino_narrow_crystal_temple
Orc:1:    layout_caves, serial_shops, nicolae_shop_statue_plus
Orc:2:    st_orc_pillars, layout_caves

Skill      XL: |  1  2  3  4  5  6  7  8  9 10 11 12 13 14 |
---------------+-------------------------------------------+-----
Fire Magic     | 4 5 6 8 9 11 12 14 15 16 | 16.8
Conjurations   | 2 3 4 5 6 7 9 10 11 12 | 12.2
Spellcasting   | 4 5 6 8 9 10 12 13 14 | 14.3
Evocations     | 2 4 5 6 |  6.0
Dodging        | 4 6 7 |  7.5
Stealth        | 3 |  3.0
Fighting       | 1 2 |  2.0
Shields        | 3 4 |  4.0

Action                   |  1- 3 |  4- 6 |  7- 9 | 10-12 | 13-15 || total
-------------------------+-------+-------+-------+-------+-------++-------
Melee: Spear             |       |       |    18 |       |       ||    18
       Staff             |       |       |     3 |    10 |     2 ||    15
       Trident           |       |       |       |    21 |       ||    21
 Cast: Foxfire           |    99 |   130 |   448 |   299 |   126 ||  1102
       Conjure Flame     |       |       |    12 |    12 |     2 ||    26
       Sticky Flame      |       |       |    20 |    25 |    11 ||    56
       Fireball          |       |       |     3 |   107 |   101 ||   211
       Bolt of Magma     |       |       |       |     4 |    11 ||    15
       Lightning Bolt    |       |       |       |       |     2 ||     2
  Use: Scroll            |       |       |    17 |     9 |     8 ||    34
       Potion            |       |       |       |       |     3 ||     3
 Stab: Sleeping          |       |       |     1 |     1 |       ||     2
Armor: Robe              |    18 |     1 |    17 |     5 |     4 ||    45
Dodge: Dodged            |    17 |    10 |    70 |    47 |    48 ||   192
Block: Other             |       |       |     1 |    10 |       ||    11
       Reflection        |       |       |     1 |     1 |       ||     2
       Buckler           |       |       |       |    11 |    19 ||    30

Table legend: (Time is in decaauts)
 A = Elapsed time spent in this place.
 B = Non-inter-level travel time spent in this place.
 C = Inter-level travel time spent in this place.
 D = Time resting spent in this place.
 E = Time spent auto-exploring this place.
 F = Levels seen in this place.
 G = Mean time per level.
                   A        B        C        D        E       F      G
               +--------+--------+--------+--------+--------+-----+--------+
         Total |  24570 |  23896 |    674 |   2275 |  17562 |  19 | 1293.2 |
       Dungeon |  22177 |  21516 |    661 |   1278 |  16912 |  15 | 1478.5 |
        Temple |     12 |     12 |      0 |      0 |      0 |   1 |   12.0 |
  Orcish Mines |   1498 |   1486 |     12 |    599 |    458 |   2 |  749.0 |
       Ossuary |    882 |    882 |      0 |    398 |    192 |   1 |  882.0 |
               +--------+--------+--------+--------+--------+-----+--------+

Top non-repeatable levels by time:
     D:3: 2292 daAuts
    D:15: 1821 daAuts
     D:5: 1809 daAuts
    D:14: 1802 daAuts
    D:11: 1745 daAuts
    D:10: 1580 daAuts
     D:8: 1546 daAuts
    D:12: 1380 daAuts
     D:6: 1332 daAuts
    D:13: 1289 daAuts
     D:4: 1190 daAuts
     D:2: 1157 daAuts
     D:7: 1150 daAuts
   Orc:1: 1138 daAuts
     D:1: 1042 daAuts
